 Dungeon Crawl Stone Soup version 0.20-a0-493-g19c8d8d (webtiles) character file.

294 Vegemite the Cleaver (level 6, -8/51 HPs)
             Began as a Hill Orc Fighter on Jan 17, 2017.
             Was an Initiate of Makhleb.
             Killed by nerve-wracking pain
             ... invoked by Menkaure
              (13 damage)
             ... on level 4 of the Dungeon.
             The game lasted 00:04:08 (2496 turns).

Vegemite the Cleaver (Hill Orc Fighter)             Turns: 2496, Time: 00:04:09

Health: -8/51      AC: 11    Str: 21    XL:     6   Next: 34%
Magic:  6/6        EV: 11    Int:  8    God:    Makhleb [......]
Gold:   155        SH:  9    Dex: 10    Spells: 5/5 levels left

rFire    . . .     SeeInvis .   a - +0 war axe
rCold    . . .     Gourm    .   r - +0 chain mail
rNeg     . . .     Faith    .   c - +0 shield
rPois    .         Spirit   .   B - +0 helmet
rElec    .         Reflect  .   (no cloak)
rCorr    .         Harm     .   l - +0 pair of gloves
MR       .....                  (no boots)
Stlth    ..........             n - amulet of regeneration
Regen    0.6/turn               (no ring)
                                e - +6 ring of evasion

@: no status effects
A: no striking features
a: Renounce Religion


You were on level 4 of the Dungeon.
You worshipped Makhleb.
Makhleb was noncommittal.
You were not hungry.

You visited 2 branches of the dungeon, and saw 5 of its levels.

You collected 155 gold pieces.

Inventory:

Hand Weapons
 a - a +0 war axe (weapon)
Armour
 c - a +0 shield (worn)
 l - a +0 pair of gloves (worn)
 r - a +0 chain mail (worn)
 B - a +0 helmet (worn)
Jewellery
 e - a +6 ring of evasion (left hand)
 n - an amulet of regeneration (around neck)
 y - a +3 amulet of reflection {unknown}
Scrolls
 g - a scroll of magic mapping {unknown}
 h - 3 scrolls of identify {unknown}
 i - 2 scrolls of enchant armour {unknown}
 j - 4 scrolls of remove curse {unknown}
 k - a scroll of immolation {unknown}
 o - a scroll of teleportation {unknown}
 p - a scroll of fear {unknown}
 q - 2 scrolls of fog {unknown}
 t - a scroll of noise {unknown}
 z - 2 scrolls of blinking {unknown}
 C - a scroll of enchant weapon {unknown}
Potions
 d - 2 potions of might
 m - 2 potions of curing {unknown}
 s - a potion of haste {unknown}
 u - a potion of degeneration {unknown}
 w - a potion of beneficial mutation {unknown}
 D - a potion of brilliance {unknown}
Books
 E - a book of Conjurations

   Spells                             Type                      Level
   a - Magic Dart                     Conjuration                  1
   b - Searing Ray                    Conjuration                  2
   c - Dazzling Spray                 Conjuration/Hexes            3
   d - Fulminant Prism                Conjuration/Hexes            4
   e - Iskenderun's Mystic Blast      Conjuration                  4
   f - Iskenderun's Battlesphere      Conjuration/Charms           5
Comestibles
 b - 5 chunks of flesh
 f - a bread ration
 v - 2 beef jerkies
 x - 3 fruits
 A - a slice of pizza


   Skills:
 - Level 3.6 Fighting
 + Level 8.6 Axes
 - Level 3.2 Armour
 - Level 3.2 Shields


You had 5 spell levels left.
You didn't know any spells.

Dungeon Overview and Level Annotations

Branches:
Dungeon (4/15)             Temple (1/1) D:4

Altars:
Cheibriados
Dithmenos
Elyvilon
Gozag
Kikubaaqudgha
Makhleb
Nemelex Xobeh
Qazlal
Ru
Trog
Xom

Annotations:
D:4 Menkaure


Message History

You slash the centaur!
The centaur is almost dead.
The centaur barely misses you.
You slice the centaur!!
You kill the centaur!
Makhleb accepts your kill. Menkaure hits you!
You slash Menkaure!
Menkaure is heavily damaged.
You block Menkaure's attack.
You slash Menkaure!
Menkaure is severely damaged.
You block Menkaure's attack. Menkaure hits you!
* * * LOW HITPOINT WARNING * * *
Your shield and chain mail prevent you from hitting Menkaure.
Menkaure is severely damaged.
Menkaure blazes with dark energy!
Menkaure casts a spell at you. Pain shoots through your body!
You die...

......###.....>.........
.....รท...###.......####
#####.##.# #.......# #.#
# #.......# #.##
####.#### #.##.######.#
#...........#
####...(..#########.#
######((..@M.....#
#############


You could see Menkaure.

Vanquished Creatures
  A centaur (D:4)
  4 orc wizards
  An orc priest (D:4)
  3 adders (D:2)
  A worm (D:3)
  3 dart slugs
  6 leopard geckos
  5 orcs
  4 giant cockroaches
  7 goblins
  6 hobgoblins
  5 kobolds
  2 quokkas (D:2)
  A ball python (D:1)
  8 bats
  5 frilled lizards
  3 rats
65 creatures vanquished.

Notes
Turn   | Place    | Note
-------+----------+-------------------------------------------
     0 | D:1      | Vegemite the Hill Orc Fighter began the quest for the Orb.
     0 | D:1      | Reached XP level 1. HP: 19/19 MP: 1/1
    29 | D:1      | Reached skill level 3 in Axes
   141 | D:1      | Reached XP level 2. HP: 26/26 MP: 2/2
   606 | D:1      | Reached skill level 4 in Axes
   940 | D:2      | Reached XP level 3. HP: 31/31 MP: 3/3
  1077 | D:2      | Reached skill level 5 in Axes
  1244 | D:2      | Reached XP level 4. HP: 39/39 MP: 4/4
  1609 | D:3      | Reached skill level 6 in Axes
  1616 | D:3      | Reached XP level 5. HP: 21/45 MP: 5/5
  1808 | D:3      | Reached skill level 7 in Axes
  2251 | D:3      | Found a shadowy altar of Dithmenos.
  2400 | D:4      | Reached skill level 8 in Axes
  2400 | D:4      | Reached XP level 6. HP: 42/51 MP: 6/6
  2405 | D:4      | Found a staircase to the Ecumenical Temple.
  2413 | Temple   | Entered the Ecumenical Temple
  2456 | Temple   | Became a worshipper of Makhleb the Destroyer
  2487 | D:4      | Noticed Menkaure
  2496 | D:4      | Killed from afar by Menkaure

Vault maps used:
D:1:      lightli_arrival_maybe_door_vault
D:3:      nicolae_dithmenos_through_a_glass_darkly
D:4:      marbit_many_paths, first_bread, serial_shops, shop,
          portal_sewer_entry_a, wad_rectangle_vault, uniq_menkaure
Temple:   eino_temple_rhombus

Skill      XL: |  1  2  3  4  5 |
---------------+----------------+-----
Axes           | 3 4 5 6 8 |  8.6
Fighting       | |  3.6
Armour         | |  3.2
Shields        | |  3.2

Action                   |  1- 3 |  4- 6 || total
-------------------------+-------+-------++-------
Melee: War axe           |   153 |   113 ||   266
  Eat: Chunk             |     1 |     5 ||     6
Armor: Scale mail        |    40 |    19 ||    59
       Chain mail        |       |    17 ||    17
Dodge: Dodged            |    89 |    64 ||   153
Block: Shield            |    87 |    48 ||   135
